 Dungeon Crawl Stone Soup version 0.30.1-11-g7821555f0a (webtiles) character file.

Game seed: 15394617866261514722

124 Peloso the Covered (level 4, -21/40 HPs)
             Began as a Minotaur Fighter on Jan 10, 2024.
             Demolished by an ogre
             ... wielding a +0 giant club
              (30 damage)
             ... on level 3 of the Dungeon.
             The game lasted 00:02:31 (2115 turns).

Peloso the Covered (Minotaur Fighter)               Turns: 2115, Time: 00:02:31

Health: -21/40     AC: 10    Str: 21    XL:     4   Next: 81%
Magic:  3/3        EV:  9    Int:  5    God:
Gold:   70         SH:  5    Dex: 15    Spells: 3/3 levels left

rFire   . . .        a - +0 long sword
rCold   . . .        d - +0 buckler
rNeg    + . .        b - +0 scale mail
rPois   .            (helmet restricted)
rElec   .            c - scarf {+Inv}
rCorr   .            h - +2 pair of gloves "Tixtocib" {rN+ Dex+4}
SInv    .            (no boots)
Will    .....        (no amulet) Stlth
                     (no ring)
HPRegen 0.26/turn    (no ring)
MPRegen 0.08/turn

%: no passive effects
@: no status effects
A: horns 2, retaliatory headbutt
a: Evoke Invisibility


You were on level 3 of the Dungeon.
You visited 1 branch of the dungeon, and saw 3 of its levels.

You collected 70 gold pieces.

Inventory:

Hand Weapons
 a - a +0 long sword (weapon)
Missiles
 i - a throwing net (quivered)
Armour
 b - a +0 scale mail (worn)
 c - a scarf of invisibility (worn)
 d - a +0 buckler (worn)
 h - the +2 pair of gloves "Tixtocib" (worn) {rN+ Dex+4}
   (You found it on level 2 of the Dungeon)

   Dex:       It affects your dexterity (+4).
   rN:        It protects you from negative energy.
Scrolls
 f - a scroll of magic mapping
 l - a scroll of amnesia {unknown}
Potions
 e - 2 potions of haste {unknown}
 g - 2 potions of lignification {unknown}
 j - a potion of might
 k - 3 potions of curing {unknown}
 m - a potion of degeneration {unknown}
 n - a potion of magic {unknown}


   Skills:
 + Level 4.3 Fighting
 + Level 3.8 Long Blades
 + Level 4.8 Armour
 + Level 0.3 Dodging
 + Level 0.1 Stealth
 + Level 4.3 Shields


You had 3 spell levels left.
You didn't know any spells.
Your spell library was empty.

Dungeon Overview and Level Annotations

Branches:
Dungeon (3/15)

Altars:
Yredelemnul


Innate Abilities, Weirdness & Mutations

You have a pair of horns on your head.
You reflexively headbutt those who attack you in melee.


Message History

A hobgoblin is nearby!
A hobgoblin is nearby!
A hobgoblin is nearby!
The hobgoblin shouts!
The hobgoblin hits you from afar with a +0 trident!
The hobgoblin hits you with a +0 trident.
You hit the hobgoblin but do no damage. Your headbutt misses the hobgoblin.
You block the hobgoblin's attack. x2
You hit the hobgoblin.
The hobgoblin is almost dead.
The hobgoblin barely misses you.
You closely miss the hobgoblin. Your headbutt misses the hobgoblin.
The hobgoblin is almost dead.
The hobgoblin hits you but does no damage.
You hit the hobgoblin.
You kill the hobgoblin!
l - a scroll labelled AMAPLE JYTI
Things that are here:
a +0 trident; a hobgoblin corpse
Things that are here:
a +0 trident; a hobgoblin corpse
Found a robe.
e - 2 yellow potions (gained 1)
m - a lumpy amethyst potion
n - a white potion A rat comes into view.
An ogre comes into view. It is wielding a +0 giant club.
The ogre shouts!
The rat barely misses you. You furiously retaliate!
You headbutt the rat!
You kill the rat!
You hit the ogre. You headbutt the ogre.
The ogre is moderately wounded.
The ogre hits you with a +0 giant club!!
Ouch! That really hurt!
* * * LOW HITPOINT WARNING * * *
You hit the ogre.
The ogre is moderately wounded.
The ogre hits you with a +0 giant club!!
Ouch! That really hurt!
You die...

...#.#.# .#
.###...# .#
.....### .#
..#.#############.#
..................#
#.##.............##
..##############.#
#.# #O# #.# #@# #.#
#.# #.# #.# #.# #.#
#.# ..# #.# ...#
#.# ....# #.#
##.#.# #.#.#


You could see an ogre.

Vanquished Creatures
  Robin (D:3)
  4 gnolls
  An adder (D:3)
  A worm (D:2)
  2 orcs (D:3)
  4 ball pythons
  4 endoplasms
  3 giant cockroaches
  11 goblins
  8 hobgoblins
  4 kobolds
  A quokka (D:1)
  4 bats
  3 frilled lizards
  4 rats
55 creatures vanquished.

Notes
Turn   | Place    | Note
-------+----------+-------------------------------------------
     0 | D:1      | Peloso the Minotaur Fighter began the quest for the Orb.
     0 | D:1      | Reached XP level 1. HP: 19/19 MP: 0/0
   171 | D:1      | Reached XP level 2. HP: 27/27 MP: 1/1
   483 | D:1      | Reached XP level 3. HP: 33/33 MP: 2/2
   748 | D:2      | Found a basalt altar of Yredelemnul.
  1475 | D:2      | Identified the +2 pair of gloves "Tixtocib" {rN+ Dex+4}
  1518 | D:2      | Reached XP level 4. HP: 28/40 MP: 3/3
  1857 | D:3      | Noticed Robin
  1904 | D:3      | Killed Robin
  2107 | D:3      | Noticed an ogre
  2115 | D:3      | Demolished by an ogre

Illustrated notes

Levels and vault maps discovered:
D:1:      wheals_arrival_shading, layout_basic
D:2:      layout_basic, basic_altar
D:3:      layout_loops_ring, hellmonk_ecumenical_altar_leap_of_faith,
          minmay_fractal_squares_5, uniq_robin

Skill      XL: |  1  2  3 |
---------------+----------+-----
Fighting       | 4 |  4.3
Armour         | 4 |  4.8
Long Blades    | 3 |  3.8
Shields        | 4 |  4.3
Dodging        | |  0.3
Stealth        | |  0.1

Action                     |  1- 3 |  4- 6 || total
---------------------------+-------+-------++-------
  Melee: Long sword        |    71 |    52 ||   123
         Headbutt          |    13 |     8 ||    21
    Use: Potion            |     2 |       ||     2
         Scroll            |     1 |       ||     1
 Armour: Scale mail        |    30 |    43 ||    73
  Dodge: Dodged            |    28 |    33 ||    61
  Block: Buckler           |    24 |    13 ||    37
